Map: Prion Terraces

Players

Toons

  • Race: Protoss Protoss
  • League: Gold

STaRmAx - Winner!

  • Race: Terran Terran
  • League: Platinum

VOD

Have the link to the VOD?

Description

Time

  • Played on: Jan. 30, 2016, 10:48 p.m.
  • Length: 15:11
Show
View Real Time Build Order
Export as new Build Order

Toons Protoss 

Build Orders:  

Get SALT Encoding   

  12  0:01  Probe (Chrono Boost)  
  13  0:11  Probe (Chrono Boost)  
  14  0:19  Pylon  
  14  0:22  Probe (Chrono Boost)  
  15  0:37  Probe (Chrono Boost)  
  15  0:40  Gateway  
  15  0:42  Assimilator  
  16  0:48  Probe (Chrono Boost)  
  17  0:58  Probe (Chrono Boost)  
  17  0:59  Pylon  
  18  1:09  Probe (Chrono Boost)  
  19  1:23  Probe (Chrono Boost)  
  20  1:28  Cybernetics Core  
  20  1:34  Probe (Chrono Boost)  
  21  1:44  Probe (Chrono Boost)  
  22  1:55  Probe (Chrono Boost)  
  22  1:57  Nexus  
  23  2:04  Assimilator, Warp Gate  
  23  2:11  Mothership Core (Chrono Boost)  
  25  2:19  Adept  
  27  2:29  Probe (Chrono Boost)  
  28  2:41  Probe (Chrono Boost)  
  28  2:42  Pylon  
  29  2:49  Gateway  
  29  2:58  Adept  
  30  3:04  Probe (Chrono Boost)  
  31  3:11  Probe (Chrono Boost)  
  32  3:12  Stargate  
  32  3:35  Probe (Chrono Boost)  
  32  3:36  Probe (Chrono Boost)  
  34  3:59  Probe x2 (Chrono Boost)  
  34  4:04  Oracle  
  34  4:09  Gateway  
  37  4:10  Gateway  
  37  4:13  Pylon  
  37  4:19  Probe (Chrono Boost)  
  37  4:20  Probe (Chrono Boost)  
  37  4:21  Pylon  
  37  4:22  Assimilator  
  39  4:27  Assimilator  
  39  4:36  Probe (Chrono Boost)  
  40  4:40  Oracle  
  40  4:45  Pylon  
  43  4:46  Probe (Chrono Boost)  
  43  4:50  Sentry  
  43  4:51  Adept  
  48  5:04  Probe x2 (Chrono Boost)  
  48  5:12  Zealot x3  
  54  5:16  Oracle  
  54  5:33  Stalker x4  
  62  5:52  Probe x2 (Chrono Boost)  
  64  6:00  Phoenix  
  64  6:03  Probe (Chrono Boost)  
  67  6:04  Probe (Chrono Boost)  
  67  6:06  Nexus  
  67  6:08  Pylon  
  67  6:09  Forge  
  67  6:10  Stalker  
  70  6:11  Pylon  
  67  6:42  Probe x2 (Chrono Boost)  
  67  6:45  Phoenix, Photon Cannon  
  71  6:47  Photon Cannon  
  71  6:48  Protoss Ground Weapons Level 1  
  71  6:51  Adept x4  
  73  7:17  Probe (Chrono Boost)  
  73  7:20  Probe (Chrono Boost)  
  73  7:22  Photon Cannon  
  75  7:23  Phoenix, Probe (Chrono Boost)  
  75  7:24  Photon Cannon  
  75  7:28  Probe (Chrono Boost), Photon Cannon  
  79  7:52  Probe x2 (Chrono Boost)  
  79  7:53  Probe (Chrono Boost)  
  79  7:54  Phoenix  
  79  7:57  Adept x4  
  88  8:03  Probe x2 (Chrono Boost)  
  86  8:10  Probe (Chrono Boost)  
  87  8:13  Probe (Chrono Boost)  
  87  8:17  Assimilator  
  88  8:21  Assimilator  
  88  8:23  Robotics Facility  
  88  8:24  Robotics Facility  
  88  8:29  Gateway  
  88  8:30  Gateway  
  88  8:31  Pylon, Gateway  
  88  8:38  Gateway  
  88  8:40  Gateway  
  88  8:49  Probe (Chrono Boost)  
  88  8:50  Probe x2 (Chrono Boost)  
  88  8:53  Protoss Ground Armor Level 1 (Chrono Boost)  
  91  9:01  Probe x2 (Chrono Boost)  
  93  9:09  Probe (Chrono Boost)  
  94  9:11  Probe (Chrono Boost)  
  95  9:26  Immortal x2  
  95  9:27  Pylon  
  95  9:28  Probe x2 (Chrono Boost)  
  105  9:33  Twilight Council  
  105  9:35  Pylon  
  105  9:38  Pylon  
  105  9:49  Pylon  
  105  9:58  Zealot x6  
  105  9:59  Zealot x2  
  121  10:08  Immortal x2  
  129  10:42  Stalker, Zealot x4  
  137  10:43  Stalker x2  
  137  10:44  Stalker x2  
  137  10:46  Charge  
  147  10:50  Protoss Ground Weapons Level 2 (Chrono Boost)  
  147  10:56  Immortal  
  148  11:06  Robotics Bay  
  148  11:28  Nexus  
  148  11:32  Pylon  
  148  11:35  Pylon  
  148  11:53  Stalker x4  
  148  11:54  Stalker x2  
  158  11:55  Stalker x3  
  164  12:02  Pylon x2  
  164  12:04  Pylon  
  164  12:08  Assimilator  
  164  12:10  Assimilator  
  164  12:20  Disruptor x2  
  170  12:31  Zealot x4  
  170  12:32  Zealot  
  174  12:55  Disruptor x2  
  144  13:13  Stalker  
  144  13:14  Stalker x5  
  144  13:15  Stalker x2  
  152  13:27  Templar Archives  
  152  13:33  Pylon  
  152  13:37  Pylon  
  116  13:54  Zealot x3  
  116  13:55  Zealot x6  
  101  14:02  Colossus x2  
  97  14:26  Stalker x2  
  97  14:27  Stalker x5  
  97  14:28  Stalker x2  
  97  14:51  Zealot x7  
  97  14:52  Zealot x2  
Show
View Real Time Build Order
Export as new Build Order

STaRmAx Terran - Winner!

Build Orders: MMM Bio 

Get SALT Encoding   

  12  0:01  SCV  
  13  0:14  SCV  
  14  0:25  Supply Depot  
  14  0:26  SCV  
  15  0:48  Barracks  
  16  0:50  SCV  
  16  0:58  Supply Depot  
  16  1:02  SCV  
  17  1:14  SCV  
  18  1:26  Command Center  
  18  1:30  Refinery  
  18  1:31  SCV  
  19  1:40  Refinery  
  19  1:43  SCV  
  20  1:52  Marine  
  21  1:56  SCV  
  22  2:09  Orbital Command  
  22  2:23  Engineering Bay  
  22  2:26  Barracks Tech Lab  
  22  2:32  Factory  
  22  2:35  SCV  
  24  2:44  SCV  
  24  2:47  SCV  
  25  2:52  Marauder  
  25  2:53  Concussive Shells  
  25  2:56  SCV  
  28  3:06  SCV  
  28  3:10  Missile Turret  
  29  3:17  Factory Tech Lab  
  29  3:28  Marauder  
  29  3:32  Supply Depot  
  30  3:37  Planetary Fortress  
  29  3:50  Stimpack  
  29  4:00  Siege Tank  
  30  4:19  SCV  
  31  4:26  SCV  
  31  4:28  Barracks  
  31  4:31  SCV  
  33  4:32  Barracks  
  33  4:37  Barracks  
  33  4:43  SCV  
  36  4:45  Marauder  
  36  4:52  SCV  
  37  4:55  SCV  
  38  5:00  Starport  
  38  5:04  SCV  
  38  5:06  Siege Tank  
  42  5:07  SCV  
  42  5:08  Supply Depot  
  43  5:15  Refinery  
  43  5:16  SCV  
  43  5:19  Refinery, SCV  
  44  5:25  Missile Turret  
  42  5:31  SCV  
  42  5:35  Barracks Tech Lab, Barracks Reactor  
  43  5:36  Barracks Tech Lab  
  43  5:39  Viking  
  43  5:43  SCV  
  44  5:55  Missile Turret  
  44  5:56  SCV  
  45  5:59  Combat Shields  
  45  6:08  SCV  
  46  6:16  Command Center  
  45  6:20  SCV  
  46  6:32  SCV  
  47  6:37  SCV  
  47  6:44  SCV  
  48  6:48  Command Center  
  48  6:53  Marauder x3, Marine x2  
  56  6:56  SCV  
  55  7:08  SCV  
  55  7:14  Marauder x3  
  62  7:19  Refinery  
  62  7:24  Starport Reactor  
  62  7:28  Marine x2  
  64  7:30  Supply Depot  
  64  7:31  Terran Infantry Weapons Level 1  
  62  7:46  SCV  
  60  8:07  SCV  
  60  8:09  Medivac  
  60  8:10  Medivac  
  65  8:14  Planetary Fortress  
  65  8:16  SCV  
  65  8:19  SCV  
  67  8:22  Missile Turret  
  67  8:28  SCV  
  67  8:31  SCV  
  69  8:35  Marauder x3, Marine x2  
  69  8:40  SCV  
  78  8:42  Medivac x2  
  78  8:43  SCV  
  83  8:52  SCV, Barracks  
  84  8:56  Marauder x2  
  84  8:58  Supply Depot, SCV  
  84  9:01  Liberator x2  
  89  9:04  SCV  
  90  9:10  SCV  
  91  9:22  SCV  
  98  9:25  Terran Infantry Armor Level 1  
  98  9:34  SCV  
  99  9:40  Marauder x3, Marine x2  
  99  9:43  Liberator  
  99  9:44  Liberator, Barracks Tech Lab  
  107  9:46  SCV  
  107  9:47  Barracks  
  108  9:54  Supply Depot  
  108  9:57  Marine  
  108  9:59  SCV  
  110  10:01  Marine  
  117  10:16  Marauder x2, Marine x2, SCV  
  117  10:18  Marine  
  125  10:43  Refinery  
  125  10:46  Refinery  
  125  10:47  Marine x4  
  125  10:48  Supply Depot, SCV, Marauder  
  132  10:54  Supply Depot  
  132  11:00  SCV  
  133  11:09  Marine  
  133  11:10  Marauder  
  136  11:12  SCV  
  136  11:16  Supply Depot, Marauder  
  136  11:17  Marauder, Barracks Reactor  
  136  11:18  Missile Turret  
  141  11:21  Barracks  
  141  11:24  Marine x2, SCV  
  144  11:27  Supply Depot, Marauder  
  144  11:28  Supply Depot  
  144  11:30  Marine  
  147  11:36  SCV  
  147  11:48  Marauder x2, Marine x3, SCV  
  147  11:49  Marauder, Armory  
  157  12:03  Liberator  
  157  12:04  Liberator  
  157  12:05  Marine  
  157  12:06  Marine  
  157  12:07  Marauder  
  161  12:09  Marauder x2  
  161  12:10  Marauder  
  167  12:19  Barracks Reactor  
  173  12:24  Supply Depot  
  173  12:44  Marauder  
  173  12:45  Marine x3  
  173  12:46  Marauder x2  
  180  12:52  Liberator, Marine  
  180  12:53  Liberator  
  180  12:58  Marine  
  181  13:03  Marine  
  181  13:09  Marauder x4  
  175  13:17  Marine x3  
  175  13:24  Marine x3  
  178  13:31  Marauder  
  180  13:35  Liberator, Marine  
  180  13:41  Marauder x3  
  180  13:46  Marine x2  
  180  13:47  Marine x3  
  173  13:52  Marauder  
  173  13:53  Marine  
  156  14:02  Marauder x2  
  160  14:03  Marauder  
  160  14:04  Marine x4  
  160  14:05  Marine  
  165  14:13  Marauder  
  167  14:23  Marauder  
  167  14:24  Marauder x2  
  163  14:29  Marine x4  
  163  14:30  Marine x2  
  168  14:35  Marauder  
  170  14:45  Marauder x2, Marine  
  175  14:47  Marine x2  
Tags
 
Composition
MMM Bio
Matchup
PvT
Replay Pack
toons-pack1
Add a new tag
Caveats
  • Supply blocks, unpowered buildings, or Contaminate may cause inaccurate times.
  • Supply counts are checked every 10 seconds.